 Dungeon Crawl Stone Soup version 0.28-a0-1080-g05a166d0ed (webtiles) character file.

Game seed: 15147989005067338158

141 SmokeWeed the Slasher (level 5, -33/45 HPs)
             Began as a Minotaur Gladiator on Dec 10, 2021.
             Killed from afar by Ijyb (44 damage)
             ... with a bolt of acid
             ... on level 3 of the Dungeon.
             The game lasted 00:02:46 (1764 turns).

SmokeWeed the Slasher (Minotaur Gladiator)          Turns: 1764, Time: 00:02:46

Health: -33/45     AC:  6    Str: 19    XL:     5   Next: 3%
Magic:  4/4        EV:  7    Int:  7    God:
Gold:   41         SH:  0    Dex: 17    Spells: 4/4 levels left

rFire   + . .      SeeInvis .   a - +0 long sword
rCold   . . .      Faith    .   (no shield)
rNeg    . . .      Spirit   .   e - +0 plate armour
rPois   .          Reflect  .   c - +0 hat
rElec   .          Harm     .   (no cloak)
rCorr   .          Rampage  .   (no gloves)
Will    .....                   (no boots)
Stlth   ..........              (no amulet)
HPRegen 0.15/turn               j - ring of protection from fire
MPRegen 0.09/turn               r - +6 ring of dexterity

@: corroded
A: horns 2, retaliatory headbutt
a: no special abilities


You were on level 3 of the Dungeon.
You visited 1 branch of the dungeon, and saw 3 of its levels.

You collected 41 gold pieces.

Inventory:

Hand Weapons
 a - a +0 long sword (weapon)
Missiles
 d - 3 throwing nets
 m - 27 stones (quivered)
 q - 16 poisoned darts
Armour
 b - a +0 leather armour
 c - a +0 hat (worn)
 e - a +0 plate armour (worn)
Jewellery
 j - a ring of protection from fire (left hand)
 r - a +6 ring of dexterity (right hand)
Scrolls
 f - a scroll of holy word {unknown}
 h - a scroll of magic mapping {unknown}
 i - a scroll of brand weapon {unknown}
 k - a scroll of enchant armour {unknown}
 n - a scroll of enchant weapon {unknown}
 o - a scroll of immolation {unknown}
 p - a scroll of teleportation {unknown}
Potions
 g - a potion of curing {unknown}
 l - a potion of resistance {unknown}


   Skills:
 + Level 3.2 Fighting
 + Level 5.5 Long Blades
 + Level 2.0 Throwing
 + Level 1.8 Armour
 + Level 4.1 Dodging


You had 4 spell levels left.
You didn't know any spells.
Your spell library contained the following spells:

 Spells                   Type           Power      Damage    Failure   Level
 Sublimation of Blood     Necr           0%         N/A       100%        2
 Wereblood                Tmut           0%         N/A       100%        2
 Teleport Other           Tloc           0%         N/A       100%        3
 Hailstorm                Conj/Ice       0%         3d3       100%        4
 Iskenderun's Battlesphe  Conj           0%         2d6       100%        5
 Summon Hydra             Summ           0%         N/A       100%        7


Dungeon Overview and Level Annotations

Branches:
Dungeon (3/15)

Altars:

Annotations:
D:3 Ijyb


Innate Abilities, Weirdness & Mutations

You have a pair of horns on your head.
You reflexively headbutt those who attack you in melee.


Message History

Aim: a goblin, wielding a +0 dagger (45% to hit)
You throw a stone.
The stone hits the goblin but does no damage.
Throw: 29 stones
Press: ? - help, Q - select action, (/) - cycle Shift-Dir - straight line, f/p - goblin
Aim: a goblin, wielding a +0 dagger (47% to hit)
You throw a stone.
The stone hits the goblin but does no damage.
Throw: 28 stones
Press: ? - help, Q - select action, (/) - cycle Shift-Dir - straight line, f/p - goblin
Aim: a goblin, wielding a +0 dagger (47% to hit)
You throw a stone. The stone misses the goblin.
You closely miss the goblin. You headbutt the goblin.
The goblin is heavily wounded.
You hit the goblin.
You kill the goblin!
No target in view!
r - a +6 ring of dexterity
j - a ring of protection from fire (left hand)
You feel agile.
r - a +6 ring of dexterity (right hand)
A hobgoblin comes into view.
The hobgoblin shouts!
A hobgoblin opens the door.
You see here a stone.
Ijyb the Twisted Goblin comes into view.
She is wielding a +0 club and carrying a wand of acid (3).
Ijyb shouts!
You hit the hobgoblin but do no damage.
You hear a shout! x3
The hobgoblin hits you.
You slash Ijyb! Your headbutt misses Ijyb.
Ijyb is moderately wounded.
Ijyb zaps a wand.
The bolt of acid hits you!!
Ouch! That really hurt!
The acid corrodes you! The hobgoblin hits you.
* * * LOW HITPOINT WARNING * * *
You are too injured to fight recklessly!
Ijyb zaps a wand.
The bolt of acid hits you!!!
Ouch! That really hurt!
You die...

#. #. ##. #.. ####.. ##
..... ####.##
...########'g###(.(..##
........^...g.@........
..............#..(####
..............#.(.#######
..............#.........#
........................#
..#..........###.)......#
................)...######
...####.....###.###.# ...#
#......# #.#...#


You could see Ijyb and a hobgoblin.

Vanquished Creatures
  A black bear (D:2)
  An adder (D:3)
  A dart slug (D:2)
  7 endoplasms
  A giant cockroach (D:1)
  8 goblins
  3 hobgoblins
  A jackal (D:1)
  2 quokkas
  4 ball pythons
  5 bats
  2 frilled lizards (D:1)
  3 kobolds
  6 rats
45 creatures vanquished.

Vanquished Creatures (others)
  4 plants (D:1)
4 creatures vanquished.

Grand Total: 49 creatures vanquished

Notes
Turn   | Place    | Note
-------+----------+-------------------------------------------
     0 | D:1      | SmokeWeed the Minotaur Gladiator began the quest for the
                  | Orb.
     0 | D:1      | Reached XP level 1. HP: 18/18 MP: 0/0
   413 | D:1      | Reached XP level 2. HP: 25/25 MP: 1/1
   416 | D:1      | Reached skill level 4 in Long Blades
  1119 | D:2      | Reached XP level 3. HP: 30/30 MP: 2/2
  1146 | D:2      | Got Wediomam's Handbook of Dislocated Conjuration
  1223 | D:2      | Noticed a black bear
  1230 | D:2      | Killed a black bear
  1231 | D:2      | Reached skill level 5 in Long Blades
  1231 | D:2      | Reached skill level 1 in Armour
  1231 | D:2      | Reached XP level 4. HP: 32/38 MP: 3/3
  1231 | D:2      | Found a faded altar of an unknown god.
  1678 | D:3      | Reached XP level 5. HP: 42/45 MP: 4/4
  1761 | D:3      | Noticed Ijyb
  1764 | D:3      | Killed from afar by Ijyb

Illustrated notes

Levels and vault maps discovered:
D:1:      dpeg_arrival_brainrot, layout_basic, serial_bayou_lake_a
D:2:      layout_loops_ring, chequers_ecumenical_altar_simple
D:3:      layout_basic, guppyfry_early_orc_mine, uniq_ijyb, uniq_robin

Skill      XL: |  1  2  3 |
---------------+----------+-----
Long Blades    | 4 5 |  5.5
Fighting       | 3 |  3.2
Armour         | 1 |  1.8
Dodging        | 4 |  4.1
Throwing       | |  2.0

Action                   |  1- 3 |  4- 6 || total
-------------------------+-------+-------++-------
Melee: Long sword        |    57 |    23 ||    80
       Headbutt          |     6 |     4 ||    10
Throw: Stone             |     3 |     4 ||     7
Armor: Plate armour      |    53 |    12 ||    65
Dodge: Dodged            |    10 |     4 ||    14

Table legend: (Time is in decaauts)
 A = Elapsed time spent in this place.
 B = Non-inter-level travel time spent in this place.
 C = Inter-level travel time spent in this place.
 D = Time resting spent in this place.
 E = Time spent auto-exploring this place.
 F = Levels seen in this place.
 G = Mean time per level.
                   A        B        C        D        E       F      G
               +--------+--------+--------+--------+--------+-----+--------+
         Total |   1818 |   1780 |     38 |      0 |   1409 |   3 |  606.0 |
       Dungeon |   1818 |   1780 |     38 |      0 |   1409 |   3 |  606.0 |
               +--------+--------+--------+--------+--------+-----+--------+

Top non-repeatable levels by time:
     D:1: 1115 daAuts
     D:2: 579 daAuts
     D:3: 123 daAuts
